 Dungeon Crawl Stone Soup version 0.25-a0-67-g7dccc1bee0 (webtiles) character file.

Game seed: 18433654620641976944, levelgen mode: deterministic

58 iamserjio the Gusty (level 4, -1/30 HPs)
             Began as an Octopode Air Elementalist on Nov 1, 2019.
             Slain by a gnoll
             ... wielding a +0 spear
              (5 damage)
             ... on level 2 of the Dungeon.
             The game lasted 00:02:52 (2903 turns).

iamserjio the Gusty (Octopode Air Elementalist)     Turns: 2903, Time: 00:02:52

Health: -1/30      AC:  1    Str:  8    XL:     4   Next: 2%
Magic:  7/7        EV: 11    Int: 17    God:
Gold:   94         SH:  6    Dex: 12    Spells: 6/7 levels left

rFire    . . .     SeeInvis .   d - +0 dagger
rCold    . . .     Gourm    .   a - +0 shield
rNeg     . . .     Faith    .   (helmet restricted)
rPois    .         Spirit   .   (no amulet)
rElec    .         Reflect  .   (no ring)
rCorr    .         Harm     .   (no ring)
MR       .....                  (no ring)
Stlth    +++.......             (no ring)
HPRegen  0.10/turn              (no ring)
MPRegen  0.10/turn              (no ring)
                                (no ring)
                                (no ring)

@: no status effects
A: almost no armour, stealthy swim, amphibious, 8 rings, constrict 8, camouflage
1, gelatinous body 1
a: no special abilities


You were on level 2 of the Dungeon.
You were near starving.

You visited 1 branch of the dungeon, and saw 2 of its levels.

You collected 94 gold pieces.

Inventory:

Hand Weapons
 d - a +0 dagger (weapon)
Armour
 a - a +0 shield (worn)
Jewellery
 f - an uncursed ring of positive energy {unknown}
Scrolls
 c - a scroll of fear {unknown}
 g - a scroll of enchant armour {unknown}
 i - a scroll of identify {unknown}
 j - a scroll of fog {unknown}
Potions
 e - a potion of heal wounds {unknown}
 h - a potion of invisibility {unknown}
 k - a potion of magic {unknown}
Comestibles
 b - 4 rations


   Skills:
 * Level 2.5 Fighting
 - Level 2.7 Dodging
 - Level 2.6 Stealth
 + Level 1.0 Shields
 - Level 2.0 Spellcasting
 - Level 1.0 Conjurations
 - Level 3.0 Air Magic


You had 6 spell levels left.
You knew the following spells:

 Your Spells              Type           Power        Failure   Level  Hunger
a - Shock                 Conj/Air       #...         45%         1    #......

Your spell library contained the following spells:

 Spells                   Type           Power        Failure   Level  Hunger
 Swiftness                Chrm/Air       #.......     67%         2    ###....
 Static Discharge         Conj/Air       #.......     83%         3    ###....
 Airstrike                Air            ##........   98%         4    #####..
 Lightning Bolt           Conj/Air       #.........   100%        5    ######.


Dungeon Overview and Level Annotations

Branches:
Dungeon (2/15)

Altars:


Innate Abilities, Weirdness & Mutations

You cannot wear most types of armour.
You are very stealthy in the water. (Stealth+)
You are amphibious.
You can wear up to eight rings at the same time.
You can use your tentacles to constrict eight enemies at once.
Your skin changes colour to match your surroundings (Stealth+).
Your rubbery body absorbs attacks. (AC +1, EV +1)


Message History

The gnoll shouts!
You hear a shout!
The gnoll hits you with a +0 spear.
You hit the gnoll. You grab the gnoll.
You constrict the gnoll, but do no damage.
The gnoll hits you with a +0 spear.
You hit the gnoll but do no damage.
You constrict the gnoll, but do no damage.
The gnoll hits you with a +0 spear.
You hit the gnoll but do no damage. You squeeze the gnoll.
You constrict the gnoll. You block the gnoll's attack.
You hit the gnoll but do no damage. You constrict the gnoll.
The gnoll hits you with a +0 spear. The gnoll barely misses you.
You hit the gnoll but do no damage. You constrict the gnoll.
The gnoll barely misses you.
The gnoll hits you from afar with a +0 halberd!
* * * LOW HITPOINT WARNING * * *
You block the gnoll's attack.
You release your grip on the gnoll.
The gnoll hits you from afar with a +0 spear.
You die...

#######..........#.
#.......####.......
#.####..####...รท..#
#.##...............
#.##.#..####.....#.
#.##.#..#####.#####
#....g........# ###
######.############.. #...@.g#
##.)..
######.##############.>..<
...###......### #.....##..#.#
..............#####.....##..#g#
............#...........##..#.#
..........<.#######.....##.....
...###......# #.....###.... ..
######)# ####### ###g# .
#.############# #g#


You could see 2 gnolls.

Vanquished Creatures
  2 gnolls
  An adder (D:2)
  A leopard gecko (D:2)
  2 giant cockroaches (D:1)
  6 goblins (D:1)
  3 hobgoblins (D:1)
  4 kobolds
  2 bats (D:1)
  4 frilled lizards
  5 rats (D:1)
30 creatures vanquished.

Notes
Turn   | Place    | Note
-------+----------+-------------------------------------------
     0 | D:1      | iamserjio the Octopode Air Elementalist began the quest for
                  | the Orb.
     0 | D:1      | Reached XP level 1. HP: 11/11 MP: 3/3
   590 | D:1      | Reached skill level 1 in Fighting
   590 | D:1      | Reached XP level 2. HP: 18/18 MP: 3/5
  1406 | D:1      | Reached XP level 3. HP: 23/23 MP: 4/6
  1873 | D:1      | HP: 1/24 [gnoll/+0 whip (3)]
  2540 | D:2      | Reached skill level 1 in Shields
  2540 | D:2      | Reached XP level 4. HP: 10/30 MP: 7/7
  2903 | D:2      | Slain by a gnoll

Levels and vault maps discovered:
D:1:      psy_arrival_fountain, layout_basic
D:2:      layout_loops_cross, overflow_temple_1_default, minmay_pentomino_t4

Skill      XL: |  1  2  3 |
---------------+----------+-----
Fighting       | 1 2 |  2.5
Shields        | 1 |  1.0
Dodging        | |  2.7
Stealth        | |  2.6
Spellcasting   | |  2.0
Conjurations   | |  1.0
Air Magic      | |  3.0

Action                   |  1- 3 |  4- 6 || total
-------------------------+-------+-------++-------
Melee: Unarmed           |    11 |       ||    11
       Dagger            |    32 |     8 ||    40
       Constrict         |     9 |     1 ||    10
       Tentacles         |     4 |     1 ||     5
 Cast: Shock             |    45 |       ||    45
 Stab: Sleeping          |     3 |       ||     3
  Eat: Chunk             |     5 |       ||     5
Armor: Skin              |     4 |     1 ||     5
Dodge: Dodged            |    16 |     2 ||    18
Block: Shield            |     3 |     2 ||     5

Table legend:
 A = Non-vault XP
 B = Vault XP
 C = Vault XP percentage of total XP
 D = Non-vault monster count
 E = Vault monster count
 F = Vault count percentage of total count
                 A         B        C        D         E       F
            +---------+---------+-------+---------+---------+-------
      Total |      84 |       0 |   0.0 |      30 |       0 |   0.0
            +---------+---------+-------+---------+---------+-------
        D:1 |      50 |       0 |   0.0 |      25 |       0 |   0.0
        D:2 |      34 |       0 |   0.0 |       5 |       0 |   0.0
            +---------+---------+-------+---------+---------+-------
